 Dungeon Crawl Stone Soup version 0.28.0 (webtiles) character file.

Game seed: 11264370893840665629

139 Dorkslayer the Chopper (level 5, -7/46 HPs)
             Began as a Hill Orc Fighter on Sept 21, 2022.
             Mangled by a gnoll (8 damage)
             ... on level 6 of the Dungeon.
             The game lasted 00:04:51 (2283 turns).

Dorkslayer the Chopper (Hill Orc Fighter)           Turns: 2283, Time: 00:04:52

Health: -7/46      AC: 10    Str: 21    XL:     5   Next: 22%
Magic:  5/5        EV:  9    Int:  8    God:
Gold:   66         SH:  4    Dex: 10    Spells: 4/4 levels left

rFire   . . .      SeeInvis .   l - +4 trident
rCold   . . .      Faith    .   c - +0 buckler
rNeg    . . .      Spirit   .   b - +0 scale mail
rPois   .          Reflect  .   m - +2 helmet
rElec   .          Harm     .   (no cloak)
rCorr   .          Rampage  .   (no gloves)
Will    .....                   (no boots)
Stlth   ..........              (no amulet)
HPRegen 0.15/turn               (no ring)
MPRegen 0.09/turn               (no ring)

@: brilliant, attractive
A: no striking features
a: no special abilities


You were on level 6 of the Dungeon.
You visited 1 branch of the dungeon, and saw 5 of its levels.

You collected 66 gold pieces.

Inventory:

Hand Weapons
 a - a +0 war axe
 l - a +4 trident (weapon)
Missiles
 n - 2 boomerangs (quivered)
Armour
 b - a +0 scale mail (worn)
 c - a +0 buckler (worn)
 m - a +2 helmet (worn)
Scrolls
 e - a scroll of summoning {unknown}
 h - a scroll of identify {unknown}
 j - a scroll of fog


   Skills:
 + Level 4.1 Fighting
 + Level 4.3(4.5) Axes
 + Level 1.2(2.6) Polearms
 + Level 4.0 Armour
 * Level 1.4 Dodging
 + Level 3.7 Shields


You had 4 spell levels left.
You didn't know any spells.
Your spell library was empty.

Dungeon Overview and Level Annotations

Branches:
Dungeon (6/15)
 Temple: D:4-7

Altars:
Makhleb
Vehumet

Annotations:
D:5 3 runed translucent doors, Estrea's ghost, novice GrGl; Zim's ghost, novice MiFi


Message History

You feel protected.
The kobold brigand hits you but does no damage.
The gnoll barely misses you.
You feel very mighty all of a sudden. The gnoll hits you with a +0 flail.
* * * LOW HITPOINT WARNING * * *
The kobold brigand hits you but does no damage.
The sky beast flickers out of sight!
Deactivating autopickup; reactivate with Ctrl-A.
The gnoll barely misses you.
It was a potion of cancellation.
Your magical effects are unravelling.
You feel magically purged.
You feel a little less mighty now.
Your resistance to elements expires.
You block the kobold brigand's attack. The gnoll hits you with a +0 flail.
* * * LOW HITPOINT WARNING * * *
It was a potion of attraction.
You feel attractive to monsters.
The gnoll is no longer moving quickly.
You block the gnoll's attack.
The kobold brigand hits you with a +0 short sword.
* * * LOW HITPOINT WARNING * * *
You block the gnoll's attack. Something is attracted toward you.
It was a potion of brilliance.
You feel clever all of a sudden. The kobold brigand barely misses you.
The gnoll hits you with a +0 flail.
* * * LOW HITPOINT WARNING * * *
Something hits you but does no damage.
You aren't carrying any potions.
Unknown command.
As you read the scroll labelled NERYNO QAURPH, it crumbles to dust.
The scroll dissolves into smoke.
It was a scroll of fog.
The kobold brigand closely misses you. The gnoll barely misses you.
Something hits you.
* * * LOW HITPOINT WARNING * * *
Something shocks you.
* * * LOW HITPOINT WARNING * * *
You puncture the kobold brigand!
The kobold brigand is moderately wounded.
You block the kobold brigand's attack. The gnoll hits you with a +0 flail!
You die...

........#
.......#
.......#
....>..#
#......#
#§§§...#
+Kg§...#
#@§§...#
#{§§...#
##§§...#
.....#
.....#
.....#
.....#
.....#


You could see a kobold brigand and a gnoll.

Vanquished Creatures
  A crimson imp (D:3)
  A jelly (D:5)
  3 worms (D:2)
  2 dart slugs (D:1)
  4 orcs (D:3)
  5 endoplasms
  3 giant cockroaches (D:1)
  2 hobgoblins
  2 jackals (D:2)
  3 kobolds
  3 quokkas (D:1)
  5 ball pythons
  8 bats
  3 frilled lizards
  7 goblins
  5 rats
57 creatures vanquished.

Vanquished Creatures (others)
  3 withered plants (D:5)
3 creatures vanquished.

Grand Total: 60 creatures vanquished

Notes
Turn   | Place    | Note
-------+----------+-------------------------------------------
     0 | D:1      | Dorkslayer the Hill Orc Fighter began the quest for the
                  | Orb.
     0 | D:1      | Reached XP level 1. HP: 19/19 MP: 1/1
   186 | D:1      | Reached XP level 2. HP: 26/27 MP: 2/2
   570 | D:1      | Reached XP level 3. HP: 29/33 MP: 3/3
  1445 | D:2      | Reached skill level 1 in Dodging
  1504 | D:2      | Reached XP level 4. HP: 21/40 MP: 4/4
  1952 | D:3      | Found a faded altar of an unknown god.
  2048 | D:3      | Found a radiant altar of Vehumet.
  2049 | D:3      | Found a burning altar of Makhleb.
  2200 | D:3      | You fall into a shaft and drop 2 floors!
  2200 | D:5      | Entered Level 5 of the Dungeon
  2200 | D:5      | Found a runed translucent gate.
  2211 | D:5      | Reached skill level 1 in Polearms
  2211 | D:5      | Reached XP level 5. HP: 36/46 MP: 5/5
  2215 | D:5      | Noticed a kobold brigand
  2238 | D:5      | Found a runed translucent gate.
  2239 | D:5      | Found a runed translucent gate.
  2241 | D:5      | Noticed Zim's ghost (novice MiFi)
  2242 | D:5      | Noticed Estrea's ghost (novice GrGl)
  2275 | D:6      | Noticed a sky beast
  2282 | D:6      | HP: 1/46 [something (5)]
  2283 | D:6      | Mangled by a gnoll

Illustrated notes

Levels and vault maps discovered:
D:1:      dpeg_arrival_orchard, layout_loops_ring
D:2:      layout_loops_ring, hangedman_feature_mirror
D:3:      layout_loops_ring, grunt_temple_overflow_lords_of_destruction,
          nicolae_overflow_hidden_temple, chequers_ecumenical_altar_simple
D:5:      layout_cave_pools, temple_green, gammafunk_ghost_cemetery
D:6:      layout_gridville, serial_shops, nicolae_diamond_shop, moated_statue,
          minmay_shop_damaged, hangedman_abyss_or_decor_stabs,
          kennysheep_pointless_box, uniq_duvessa

Skill      XL: |  1  2  3  4 |
---------------+-------------+-----
Axes           | 3 4 |  4.3
Dodging        | 1 |  1.4
Fighting       | 4 |  4.1
Polearms       | 1 |  1.2
Armour         | 4 |  4.0
Shields        | |  3.7

Action                   |  1- 3 |  4- 6 || total
-------------------------+-------+-------++-------
Melee: War axe           |   112 |    16 ||   128
       Trident           |       |    28 ||    28
  Use: Potion            |       |     5 ||     5
       Scroll            |       |     1 ||     1
Armor: Scale mail        |    48 |    47 ||    95
Dodge: Dodged            |    46 |    38 ||    84
Block: Buckler           |    26 |    19 ||    45
